 Dungeon Crawl Stone Soup version 0.18.1-47-g9310371 (console) character file.

55 Kloppie the Slasher (level 3, -8/49 HPs)
             Began as a Minotaur Berserker on June 22, 2016.
             Was a Believer of Trog.
             Mangled by Apert's ghost (14 damage)
             ... on level 3 of the Dungeon.
             The game lasted 00:01:51 (1280 turns).

Kloppie the Slasher (Minotaur Berserker)            Turns: 1280, Time: 00:01:52

Health: -8/49      AC:  4    Str: 26    XL:     3   Next: 67%
Magic:  2/2        EV: 11    Int:  4    God:    Trog [**....]
Gold:   113        SH:  0    Dex: 10    Spells: 0 memorised, 2 levels left

rFire  . . .     SeeInvis .     a - +0 falchion
rCold  . . .     Gourm    .     l - -2 ring mail (curse)
rNeg   . . .     Faith    .     (no shield)
rPois  .         Spirit   .     (helmet restricted)
rElec  .         Dismiss  .     f - +0 cloak
rCorr  .         Reflect  .     (no gloves)
SustAt .         Harm     .     (no boots)
MR     ++...                    (no amulet)
Stlth  ..........               (no ring)
                                (no ring)

@: berserking, lethally poisoned (-8 -> -8), regenerating, very quick, very
resistant to hostile enchantments, extremely unstealthy
A: retaliatory headbutt, horns 2
a: Berserk, Trog's Hand, Burn Spellbooks, Renounce Religion


You were on level 3 of the Dungeon.
You worshipped Trog.
Trog was pleased with you.
You were hungry.

You visited 1 branch of the dungeon, and saw 3 of its levels.

You collected 113 gold pieces.

Inventory:

Hand Weapons
 a - a +0 falchion (weapon)
Armour
 b - a +0 animal skin
 f - a +0 cloak (worn)
 g - a +0 chain mail
 l - a cursed -2 ring mail (worn)
Scrolls
 d - 3 scrolls of identify {unknown}
 h - a scroll of teleportation {unknown}
 j - 2 scrolls of remove curse {unknown}
 k - a scroll of enchant weapon {unknown}
 m - a scroll of blinking {unknown}
 n - 2 scrolls of noise {unknown}
Potions
 e - a potion of haste {unknown}
 i - a potion of curing {unknown}
 o - a potion of flight {unknown}
 p - a potion of degeneration {unknown}
Comestibles
 c - 3 bread rations
 q - 3 chunks of flesh
 r - 2 meat rations


   Skills:
 + Level 4.3 Fighting
 * Level 5.1 Long Blades
 - Level 2.4 Armour
 - Level 2.1 Dodging


You had 2 spell levels left.
You didn't know any spells.

Dungeon Overview and Level Annotations

Branches:
Dungeon (3/15)

Altars:

Annotations:
D:3 Apert's ghost, amateur HOFi


Innate Abilities, Weirdness & Mutations

You reflexively headbutt those who attack you in melee.
You have a pair of horns on your head.


Message History

* * * LOW HITPOINT WARNING * * *
A kobold comes into view. It is wielding a club.
You are too injured to fight recklessly!
Your skin crawls.
You feel resistant to hostile enchantments.
You feel slightly more hungry.
You feel sick.
The kobold shouts!
Apert's ghost hits you!
* * * LOW HITPOINT WARNING * * *
The kobold unwields an uncursed blowgun.
The kobold wields an uncursed whip.
The kobold hits you but does no damage. The kobold barely misses you.
You furiously retaliate!
You headbutt the kobold!
You kill the kobold!
Trog accepts your kill.
An ice beast comes into view.
A red film seems to cover your vision as you go berserk!
You feel yourself moving faster!
You feel mighty!
You are feeling hungry.
You feel sick. Apert's ghost hits you!
You die...

######.### ....
#........# ############
#........# #...........
##........###...........
...........(............
Y.........(.............
........(#####..........
#........# #..........
#.....)@(# #........##
#.....KW...# #......##..
#............#.##.......
#..............##.......
.......>.......##.......
.............#.##.......
.....$..K...... #.......
..)............ ..


You could see an ice beast, Apert's ghost and 2 kobolds.

Vanquished Creatures
  A worker ant zombie (D:3)
  An adder (D:3)
  3 giant geckos (D:1)
  5 goblins
  3 hobgoblins
  3 jackals (D:3)
  3 bats
  11 kobolds
  3 rats
  A plant (D:1)
34 creatures vanquished.

Notes
Turn   | Place    | Note
--------------------------------------------------------------
     0 | D:1      | Kloppie the Minotaur Berserker began the quest for the Orb.
     0 | D:1      | Reached XP level 1. HP: 19/19 MP: 0/0
   161 | D:1      | Reached skill level 4 in Long Blades
   281 | D:1      | Reached XP level 2. HP: 20/27 MP: 1/1
   912 | D:2      | Reached ** piety under Trog
  1038 | D:2      | Reached XP level 3. HP: 29/33 MP: 2/2
  1254 | D:3      | Reached skill level 5 in Long Blades
  1274 | D:3      | Noticed Apert's ghost (amateur HOFi)
  1280 | D:3      | Noticed an ice beast
  1280 | D:3      | Mangled by Apert's ghost

Skill      XL: |  1  2  3 |
---------------+----------+-----
Long Blades    | 4 5 |  5.1
Fighting       | 4 |  4.3
Armour         | |  2.4
Dodging        | |  2.1

Action                   || total
-------------------------++-------
Melee: Falchion          ||    72
       Headbutt          ||    14
Invok: Berserk           ||     1
       Trog's Hand       ||     1
  Eat: Chunk             ||     1
Armor: Chain mail        ||     6
       Animal skin       ||     1
       Ring mail         ||    11
Dodge: Dodged            ||    54
